 Dungeon Crawl Stone Soup version 0.30-a0-1075-gcd70e7a56d (webtiles) character file.

Game seed: 14573201187860724575

198 Maxmaps the Ducker (level 5, 0/61 HPs)
             Began as a Demonspawn Monk on Apr 15, 2023.
             Slain by an orc
             ... wielding a +0 dagger
              (3 damage)
             ... on level 4 of the Dungeon.
             The game lasted 00:04:58 (2605 turns).

Maxmaps the Ducker (Demonspawn Monk)                Turns: 2605, Time: 00:04:59

Health: 0/61       AC: 22    Str: 10 (11) XL:     5   Next: 47%
Magic:  5/5        EV:  2    Int: 11 (13) God:
Gold:   150        SH:  0    Dex: 15 (16) Spells: 4/4 levels left

rFire   . . .      SeeInvis .    j - +4 hand axe
rCold   . . .      Faith    .    c - orb {light}
rNeg    + . .      Spirit   .    r - melded +0 ring mail
rPois   +          Reflect  .    (helmet currently unavailable)
rElec   .          Rampage  .    (cloak currently unavailable)
rCorr   .          NoTele   +    (gloves currently unavailable)
Will    .....                    (boots currently unavailable)
Stlth   +                        (no amulet)
HPRegen 0.30/turn                n - +5 ring of evasion
MPRegen 0.09/turn                m - ring of positive energy

@: lethally poisoned (0 -> -4), tree-form, attractive, glowing
A: stationary, stasis, torment immunity, boosted hp, ignite blood 1, (sharp
scales 1), demonic magic 1
a: no special abilities


You were on level 4 of the Dungeon.
You were a tree.
You visited 1 branch of the dungeon, and saw 4 of its levels.

You collected 150 gold pieces.

Inventory:

Hand Weapons
 j - a +4 hand axe (weapon)
Armour
 c - an orb of light (worn)
 i - an orb of guile
 r - a +0 ring mail (melded)
Jewellery
 k - a ring of see invisible
 m - a ring of positive energy (right branch)
 n - a +5 ring of evasion (left branch)
Wands
 o - a wand of roots (4)
Scrolls
 a - a scroll of identify
 b - 2 scrolls of teleportation {unknown}
 e - a scroll of fear {unknown}
 q - a scroll of acquirement
 s - a scroll of enchant armour {unknown}
 t - a scroll of noise {unknown}
Potions
 f - a potion of attraction
 p - a potion of mutation {unknown}


   Skills:
 - Level 3.0 Fighting
 + Level 5.5 Dodging
 - Level 1.7 Stealth
 - Level 3.0 Unarmed Combat


You had 4 spell levels left.
You didn't know any spells.
Your spell library contained the following spells:

 Spells                   Type           Power      Damage    Failure   Level
 Blink                    Tloc           0%         N/A       47%         2
 Cigotuvi's Dreadful Rot  Necr/Pois/Air  0%         N/A       47%         2
 Lesser Beckoning         Tloc           0%         N/A       47%         2
 Momentum Strike          Conj/Tloc      0%         3d8       47%         2
 Ignite Poison            Fire/Tmut/Pois 0%         N/A       71%         3
 Freezing Cloud           Conj/Ice/Air   0%         6-21      100%        5


Dungeon Overview and Level Annotations

Branches:
Dungeon (4/15)
 Temple: D:4-7

Altars:
Nemelex Xobeh
Vehumet

Shops:
D:1 (   D:3 [

Annotations:
D:3 1 runed translucent door, Sleet's ghost, amateur MiFi


Innate Abilities, Weirdness & Mutations

You are a tree.
Your roots penetrate the ground, keeping you stationary.
You cannot be teleported.
You are immune to unholy pain and torment.
Your maximum health is greatly increased.
Your equipment is partially melded.
Your demonic aura sometimes causes spilled blood to erupt in flames.
((You are partially covered in razor-sharp scales. (AC +1, Slay +1)))
Spells you cast may paralyse adjacent enemies.


Message History

You fly up into the air.
The adder barely misses you. The orc completely misses you.
The orc closely misses you. The adder barely misses you.
It was a potion of attraction.
You feel attractive to monsters. The orc hits you but does no damage.
The kobold barely misses you.
The orc hits you with a +1 hand axe of flaming.
* * * LOW HITPOINT WARNING * * *
The orc burns you.
* * * LOW HITPOINT WARNING * * *
The orc priest miscasts a cantrip.
The adder closely misses you. The orc priest is attracted toward you.
It was a potion of curing.
You feel better. The adder barely misses you.
The orc hits you with a +1 hand axe of flaming.
The orc burns you. The kobold completely misses you.
The orc priest invokes the aid of Beogh against you.
Beogh smites you!
* * * LOW HITPOINT WARNING * * *
Unknown command.
You feel better. The adder bites you.
* * * LOW HITPOINT WARNING * * *
You are poisoned.
The adder poisons you! The orc hits you with a +0 dagger.
* * * LOW HITPOINT WARNING * * *
The orc hits you but does no damage. The kobold misses you. The orc misses you.
The adder bites you.
* * * LOW HITPOINT WARNING * * *
It was a potion of degeneration.
There was something very wrong with that liquid.
You feel weakened.
You feel dopey.
You feel clumsy.
* * * LOW HITPOINT WARNING * * *
You feel sick. The orc closely misses you. The kobold barely misses you.
The orc closely misses you. x2; The adder closely misses you.
It was a potion of lignification.
You turn into a tree.
Your +0 ring mail melds into your body.
Your roots penetrate the ground.
* * * LOW HITPOINT WARNING * * *
You feel sick. The orc hits you but does no damage.
The kobold hits you but does no damage. The adder bites you but does no damage.
The orc hits you but does no damage. The orc hits you with a +0 dagger.
You die...

.###...###.#######
>..............#
###⌠.⌠..###....#
...._..........+
#⌠.⌠.........#
#...........##
#..........(#
#......K....#
#.....♣So...#
#....ooo....##
#............##
#.............#####
####..............#
#....(.........#
#..............#
#..............#
###########'####


You could see an orc priest, an adder, 3 orcs and a kobold.

Vanquished Creatures
  A scorpion (D:3)
  An orc priest (D:3)
  3 adders
  2 dart slugs
  8 orcs
  6 bats
  10 endoplasms
  2 giant cockroaches
  7 goblins
  A hobgoblin (D:3)
  4 jackals (D:1)
  4 kobolds (D:1)
  4 quokkas
  4 ball pythons
  A frilled lizard (D:2)
  A rat (D:3)
59 creatures vanquished.

Notes
Turn   | Place    | Note
-------+----------+-------------------------------------------
     0 | D:1      | Maxmaps the Demonspawn Monk began the quest for the Orb.
     0 | D:1      | Reached XP level 1. HP: 18/18 MP: 1/1
   127 | D:1      | Gained mutation: Spells you cast may paralyse adjacent
                  | enemies. [demonic ancestry]
   127 | D:1      | Reached XP level 2. HP: 14/24 MP: 2/2
   176 | D:1      | Reached skill level 3 in Dodging
   403 | D:1      | Found Ojaho's Antique Weapon Emporium.
   532 | D:1      | Gained mutation: You are partially covered in razor-sharp
                  | scales. (AC +1, Slay +1) [demonic ancestry]
   532 | D:1      | Reached XP level 3. HP: 19/29 MP: 3/3
   592 | D:1      | Found a faded altar of an unknown god.
  1180 | D:2      | Reached skill level 4 in Dodging
  1388 | D:2      | Gained mutation: Your demonic aura sometimes causes spilled
                  | blood to erupt in flames. [demonic ancestry]
  1388 | D:2      | Reached XP level 4. HP: 35/35 MP: 4/4
  1731 | D:3      | Noticed a scorpion
  1741 | D:3      | Killed a scorpion
  1779 | D:3      | Reached skill level 5 in Dodging
  1802 | D:3      | Found a radiant altar of Vehumet.
  1900 | D:3      | Identified a scroll of acquirement
  1912 | D:3      | Reached XP level 5. HP: 14/41 MP: 5/5
  2106 | D:3      | Found Wusoucwo's Antique Armour Shop.
  2157 | D:3      | Found a runed translucent door.
  2157 | D:3      | Noticed Sleet's ghost (amateur MiFi)
  2530 | D:4      | Found a sparkling altar of Nemelex Xobeh.
  2602 | D:4      | HP: 2/41 [orc priest/divine providence (15)]
  2605 | D:4      | Slain by an orc

Illustrated notes

Levels and vault maps discovered:
D:1:      lightli_molten_gateway, layout_loops_ring, serial_shops, shop,
          nicolae_ecumenical_lake_church, minmay_misc_feat_room
D:2:      layout_basic, minmay_misc_feat_ornament, kennysheep_generic_room_4
D:3:      layout_loops_ring, lemuel_doored_altar,
          hellmonk_ghost_happy_afterlife, serial_shops, shop
D:4:      layout_basic, xom_redecorated, nemelex_xobeh_ov_fountains_minmay,
          uniq_natasha

Skill      XL: |  1  2  3  4 |
---------------+-------------+-----
Unarmed Combat | 3 |  3.0
Dodging        | 3 4 5 |  5.5
Fighting       | |  3.0
Stealth        | |  1.7

Action                     |  1- 3 |  4- 6 || total
---------------------------+-------+-------++-------
  Melee: Unarmed           |   117 |    62 ||   179
         Hand axe          |       |    12 ||    12
    Use: Scroll            |       |     3 ||     3
         Potion            |       |     7 ||     7
 Armour: Robe              |     1 |       ||     1
         Leather armour    |    21 |     6 ||    27
         Ring mail         |       |    12 ||    12
         Skin              |       |     4 ||     4
  Dodge: Dodged            |    83 |    75 ||   158

Table legend: (Time is in decaauts)
 A = Elapsed time spent in this place.
 B = Non-inter-level travel time spent in this place.
 C = Inter-level travel time spent in this place.
 D = Time resting spent in this place.
 E = Time spent auto-exploring this place.
 F = Levels seen in this place.
 G = Mean time per level.
                   A        B        C        D        E       F      G
               +--------+--------+--------+--------+--------+-----+--------+
         Total |   2594 |   2456 |    138 |      0 |   1970 |   4 |  648.5 |
       Dungeon |   2594 |   2456 |    138 |      0 |   1970 |   4 |  648.5 |
               +--------+--------+--------+--------+--------+-----+--------+

Top non-repeatable levels by time:
     D:1: 1013 daAuts
     D:3: 776 daAuts
     D:2: 704 daAuts
     D:4: 101 daAuts
